 Dungeon Crawl Stone Soup version 0.17-a0-1798-g879a7aa (webtiles) character file.

60 shakdrar the Skirmisher (level 3, 0/30 HPs)
             Began as a Demonspawn Abyssal Knight on Sept 10, 2015.
             Was a Believer of Lugonu.
             Slain by Terence
             ... wielding a +0 trident
              (1 damage)
             ... on level 2 of the Dungeon.
             The game lasted 00:05:25 (1259 turns).

shakdrar the Skirmisher (Demonspawn Abyssal Knight) Turns: 1259, Time: 00:05:26

Health: 0/30       AC:  6    Str: 12    XL:     3   Next: 82%
Magic:  5/5        EV: 10    Int: 13    God:    Lugonu [**....]
Gold:   121        SH:  0    Dex: 13    Spells: 0 memorised, 2 levels left

rFire  + . .     SeeInvis .     a - +1 hand axe
rCold  . . .     Clarity  .     e - +0 ring mail (curse)
rNeg   . . .     SustAt   .     (no shield)
rPois  .         Gourm    .     (no helmet)
rElec  .         Spirit   .     f - -2 cloak (curse)
rCorr  .         Warding  .     (no gloves)
rMut   .         Stasis   .     (no boots)
MR     .....                    (no amulet)
Stlth  +.........               (no ring)
                                (no ring)

@: not resistant to hostile enchantments, very unstealthy
A: claws 1, slimy green scales 1, blurry vision 1, fire resistance 1, spit
poison 1
a: Spit Poison, Depart the Abyss, Bend Space, Renounce Religion


You were on level 2 of the Dungeon.
You worshipped Lugonu.
Lugonu was pleased with you.
You were not hungry.

You visited 1 branch of the dungeon, and saw 2 of its levels.
You visited the Abyss 1 time.

You collected 121 gold pieces.

Inventory:

Hand weapons
 a - a +1 hand axe (weapon)
Armour
 e - a cursed +0 ring mail (worn)
 f - a cursed -2 cloak (worn)
Comestibles
 b - 4 fruits
 d - 2 meat rations


   Skills:
 + Level 3.9 Fighting
 + Level 2.2 Axes
 + Level 2.0 Armour
 + Level 1.4 Dodging
 + Level 2.8 Invocations


You had 2 spell levels left.
You didn't know any spells.

Dungeon Overview and Level Annotations

Branches:
Dungeon (2/15)

Altars:

Annotations:
D:2 Terence


Innate Abilities, Weirdness & Mutations

You have sharp fingernails.
You are partially covered in slimy green scales (AC +2).
Scrolls take you a little longer to read.
Your flesh is heat resistant.
You can spit weak poison.


Message History

Terence hits you with a trident!
* * * LOW HITPOINT WARNING * * *
You hit Terence but do no damage.
Terence is almost dead.
Terence hits you but does no damage.
You closely miss Terence.
Terence is almost dead.
You have got your breath back.
Terence barely misses you.
You barely miss Terence.
Terence is almost dead.
Terence completely misses you.
You hit Terence but do no damage.
Terence is almost dead.
Terence hits you but does no damage.
Use which ability?
Press: ? - help, Shift-Dir - straight line, f/p - Terence
Aim: Terence, wielding a trident and wearing a chain mail (almost dead)
You fail to use your ability.
Terence hits you with a trident.
You die...

#.# # #.# .# ... . #
#.#.# #.##.#.#
#......# #.# #.# #.#
#########
.....##.####...@@..#
.............#####.#
#.##.........#####.#
#...####..#.....#
#...#...........#
#...#.##..#.....#
.....#.##..†......
####.......########
#.......##


You could see Terence.

Vanquished Creatures
  A gnoll (D:1)
  2 oozes (D:1)
  A giant gecko (D:1)
  3 giant cockroaches (D:1)
  6 goblins
  2 hobgoblins (D:1)
  7 kobolds
  4 bats
  2 giant newts
  15 rats
43 creatures vanquished.

Notes
Turn   | Place    | Note
--------------------------------------------------------------
     0 | Abyss:1  | shakdrar the Demonspawn Abyssal Knight began the quest for the Orb.
     0 | Abyss:1  | Reached XP level 1. HP: 18/18 MP: 2/2
    30 | Abyss:1  | Noticed a black draconian annihilator
    31 | D:1      | Escaped the Abyss
    55 | D:1      | Acquired Lugonu's first power
    64 | D:1      | Gained mutation: You are partially covered in slimy green scales (AC +2). [demonic ancestry]
    64 | D:1      | Reached XP level 2. HP: 12/24 MP: 3/3
   478 | D:1      | Reached skill level 1 in Dodging
   514 | D:1      | Gained mutation: You have sharp fingernails. [demonic ancestry]
   514 | D:1      | Reached XP level 3. HP: 28/30 MP: 4/4
   771 | D:1      | Acquired Lugonu's second power
   807 | D:1      | Gained mutation: Your flesh is heat resistant. [potion of mutation]
   807 | D:1      | Gained mutation: You can spit weak poison. [potion of mutation]
   807 | D:1      | Gained mutation: Scrolls take you a little longer to read. [potion of mutation]
  1218 | D:2      | Noticed Terence
  1254 | D:2      | HP: 1/30 [Terence/trident (8)]
  1259 | D:2      | Slain by Terence

Vault maps used:
D:1:      erik_arrival_orb_chamber
D:2:      fedhas_altar_1, uniq_terence

Action                   || total
-------------------------++-------
Melee: Hand axe          ||   126
Invok: Depart the Abyss  ||     1
 Abil: Spit Poison       ||     4
  Use: Scroll            ||     3
       Potion            ||     4
  Eat: Bread ration      ||     1
